Unix NetHack Version 5.0.0-0 post-release - last build Jul 19 2026 19:10:59 (3aa4ab31751d3886436d94b585a96704892fd477,branch:main).

Game began 2026-07-24 10:22:52, ended 2026-07-24 10:35:49.

Jandor, neutral male human Wizard

                                                            -----        -----
                                                           #....|#####   |..^|
                                                           #|...|#   ### |..>|
                                                           #|.<.|#     ##-..%|
                                                           #-----#       |...|
                                                           #     #       |f..|
                                                           #     #       -.---
                                                           #     #        #
                                                          ######@B##      #
                                                           #     # #### ###
                                                           #     #----+-|---
                                                                 #-........|
                                                                  |........|
                                                                  |........|
                                                                  -------.--
                                                                         #

Jandor the Conjurer       St:10 Dx:14 Co:14 In:18 Wi:10 Ch:10  Neutral
Dlvl:3  $:38 HP:0(21) Pw:32(32) AC:2  Xp:3 T:1214  Burdened

Latest messages:
 You swap places with your kitten.
 You hit the garter snake.
 You hit the garter snake.
 The garter snake bites!
 You hit the garter snake.
 The garter snake bites!
 The garter snake misses!
 You kill the garter snake!
 The garter snake misses!
 The garter snake bites!
 You hear the chime of a cash register.
 You miss the garter snake.
 The garter snake misses!
 The garter snake bites!
 The garter snake misses!
 You hit the garter snake.
 The garter snake bites!
 You hear some noises.
 You miss the garter snake.
 You hit the garter snake.
 The garter snake just misses!
 The garter snake misses!
 You hit the garter snake.
 You hit the garter snake.
 The garter snake bites!
 You miss the garter snake.
 The garter snake bites!
 The garter snake bites!
 You miss the garter snake.
 The garter snake bites!
 You miss the garter snake.
 You miss the garter snake.
 The garter snake bites!
 You miss the garter snake.
 The garter snake bites!
 You miss the garter snake.
 The garter snake bites!
 You hear some noises.
 You hear the footsteps of a guard on patrol.
 You miss the garter snake.
 The garter snake misses!
 You hear someone cursing shoplifters.
 You swap places with your kitten.
 The giant bat bites!
 The giant bat bites!
 The giant bat bites!
 You die...
 Do you want your possessions identified? [ynq] (y) y
 Do you want to see your attributes? [ynq] (y) n
 Do you want an account of creatures vanquished? [ynaq] (y) q

Inventory:
 Coins    ('$')
  $ - 38 gold pieces
 Weapons  (')')
  S - 11 cursed +0 crossbow bolts
  P - a +0 orcish dagger (weapon in left hand)
  a - a blessed +1 quarterstaff
 Armor    ('[')
  p - an uncursed +0 orcish helm (being worn)
  t - an uncursed +0 large shield (being worn)
  b - an uncursed +0 cloak of magic resistance (being worn)
  r - an uncursed +0 orcish chain mail (being worn)
 Comestibles  ('%')
  R - an uncursed cram ration
  L - an uncursed food ration
 Scrolls  ('?')
  q - an uncursed scroll of create monster
  v - an uncursed scroll of enchant weapon
  O - an uncursed scroll of identify
  J - an uncursed scroll of scare monster
  A - an uncursed scroll of taming
 Spellbooks  ('+')
  K - an uncursed spellbook of wizard lock
 Potions  ('!')
  x - an uncursed potion of gain energy
  s - 2 uncursed potions of healing
  y - an uncursed potion of object detection
  I - an uncursed potion of water
 Rings    ('=')
  d - an uncursed ring of cold resistance
  e - an uncursed ring of searching
 Wands    ('/')
  z - a wand of digging (0:7)
  c - a wand of fire (0:7)
 Tools    ('(')
  M - an empty cursed bag of holding
  m - an uncursed blindfold
  n - an uncursed lock pick
 Gems/Stones  ('*')
  Q - an uncursed worthless piece of yellowish brown glass

Jandor the Wizard's attributes:

Background:
 You were a Conjurer, a level 3 male human Wizard.
 You were neutral, on a mission for Thoth
 who was opposed by Ptah (lawful) and Anhur (chaotic).
 You were left-handed.
 You were in the Dungeons of Doom, on level 3.
 You entered the dungeon 1214 turns ago.
 You had 43 experience points, 37 more were needed to attain level 4.

Basics:
 You had 0 out of 21 hit points.
 You had all 32 energy points (spell power).
 Your armor class was 2.
 Your wallet contained 38 zorkmids.
 Autopickup was off.

Final Characteristics:
 Your strength was 10 (limit:18/100).
 Your dexterity was 14 (limit:18).
 Your constitution was 14 (limit:18).
 Your intelligence was 18 (limit:18).
 Your wisdom was 10 (limit:18).
 Your charisma was 10 (limit:18).

Final Status:
 You weren't hungry.
 You were burdened; movement was slightly slowed.
 You were wielding a dagger.
 You were unskilled in dagger.

Final Attributes:
 You were fervently aligned.
 You were magic-protected.
 You were warded.
 Your spell casting was impaired by metallic armor.
 You are dead.

Miscellaneous:
 You didn't encounter any bones levels.
 Total elapsed playing time was 12 minutes and 56 seconds.

Major events:
 Turn
    1: Jandor the neutral male human Wizard entered the dungeon
  996: attained the rank of Conjurer (level 3)
 1214: killed by a giant bat

Spells:
 Name                 Level Category     Fail Retention
 force bolt             1   attack       100%  91%-100%
 magic missile          2   attack        91%  91%-100%

Skills:
 Fighting Skills
   bare handed combat [Unskilled]
   riding             [Unskilled]
 Weapon Skills
   dagger             [Unskilled]
   knife              [Unskilled]
   axe                [Unskilled]
   short sword        [Unskilled]
   club               [Unskilled]
   mace               [Unskilled]
   quarterstaff       [Basic]
   polearms           [Unskilled]
   spear              [Unskilled]
   trident            [Unskilled]
   sling              [Unskilled]
   dart               [Unskilled]
   shuriken           [Unskilled]
 Spellcasting Skills
   attack spells      [Basic]
   healing spells     [Unskilled]
   divination spells  [Unskilled]
   enchantment spells [Basic]
   clerical spells    [Unskilled]
   escape spells      [Unskilled]
   matter spells      [Unskilled]

Voluntary challenges:
 Character rerolling was not enabled.
 You never genocided any monsters.
 You never polymorphed an object.
 You never changed form.
 You used no wishes.
Achievement:
 You attained the rank of Conjurer.

 The Dungeons of Doom: levels 1 to 3
    Level 1:
       A fountain.
    Level 2:
    Level 3: <- You were here.
       Final resting place for
          you, killed by a giant bat.


Vanquished creatures:
  a green mold
  2 garter snakes
  a gecko
  3 jackals
  3 goblins
  2 sewer rats
  3 grid bugs
  a bat
  3 lichens
  2 newts
21 creatures vanquished.

No species were genocided or became extinct.

Game over:
                       ----------
                      /          \
                     /    REST    \
                    /      IN      \
                   /     PEACE      \
                  /                  \
                  |      Jandor      |
                  |      38 Au       |
                  |   killed by a    |
                  |    giant bat     |
                  |                  |
                  |                  |
                  |       2026       |
                 *|     *  *  *      | *
        _________)/\\_//(\/(/\)/\//\/|_)_______

Goodbye Jandor the Wizard...

You died in The Dungeons of Doom on dungeon level 3 with 307 points,
and 38 pieces of gold, after 1214 moves.
You were level 3 with a maximum of 21 hit points when you died.

